 Dungeon Crawl Stone Soup version 0.21.1 (webtiles) character file.

56 pstr the Digger (level 3, -5/28 HPs)
             Began as a Naga Earth Elementalist on Feb 4, 2018.
             Killed from afar by Natasha (6 damage)
             ... with a wand of flame (20)
             ... on level 2 of the Dungeon.
             The game lasted 00:04:15 (1448 turns).

pstr the Digger (Naga Earth Elementalist)           Turns: 1448, Time: 00:04:15

Health: -5/28      AC:  2    Str: 10    XL:     3   Next: 95%
Magic:  6/6        EV: 10    Int: 16    God:
Gold:   101        SH:  0    Dex: 11    Spells: 3/7 levels left

rFire    . . .     SeeInvis +   (no weapon)
rCold    + . .     Gourm    .   (no shield)
rNeg     . . .     Faith    .   c - +0 robe
rPois    +         Spirit   .   (no helmet)
rElec    .         Reflect  .   (no cloak)
rCorr    .         Harm     .   (no gloves)
MR       .....                  (no barding)
Stlth    ++........             (no amulet)
HPRegen  0.09/turn              i - ring of protection from cold
MPRegen  0.10/turn              (no ring)

@: hasted and slowed, very slow
A: large, see invisible, deformed body, poison resistance, slowness 2, slow
metabolism 1, spit poison 1, AC +1
a: Spit Poison


You were on level 2 of the Dungeon.
You were near starving.

You visited 1 branch of the dungeon, and saw 2 of its levels.

You collected 101 gold pieces.

Inventory:

Missiles
 b - 34 stones (quivered)
 f - 18 arrows
Armour
 a - a +0 leather armour
 c - a +0 robe (worn)
Jewellery
 i - a ring of protection from cold (left hand)
Scrolls
 g - a scroll of teleportation {unknown}
 h - a scroll of blinking {unknown}
 j - a scroll of amnesia {unknown}
 k - a scroll of enchant armour {unknown}
 l - 3 scrolls of identify {unknown}
 n - 3 scrolls of remove curse {unknown}
 p - a scroll of magic mapping {unknown}
Books
 e - a book of Geomancy

   Spells                             Type                      Level
   a - Sandblast                      Earth                        1
   b - Passwall                       Transmutation/Earth          2
   c - Stone Arrow                    Conjuration/Earth            3
   d - Petrify                        Transmutation/Earth          4
   e - Lee's Rapid Deconstruction     Earth                        5
 o - a book of Cantrips

   Spells                             Type                      Level
   a - Confusing Touch                Hexes                        1
   b - Animate Skeleton               Necromancy                   1
   c - Summon Small Mammal            Summoning                    1
   d - Apportation                    Translocation                1
Comestibles
 d - 3 rations


   Skills:
 + Level 0.3 Fighting
 + Level 1.7 Dodging
 + Level 3.3 Stealth
 + Level 2.6 Spellcasting
   Level 1.0 Transmutations
 + Level 4.0 Earth Magic


You had 3 spell levels left.
You knew the following spells:

 Your Spells              Type           Power        Failure   Level  Hunger
a - Sandblast             Erth           ###...       3%          1    #......
b - Stone Arrow           Conj/Erth      #.....       26%         3    ###....


Dungeon Overview and Level Annotations

Branches:
Dungeon (2/15)

Altars:
Okawaru

Annotations:
D:2 Natasha


Innate Abilities, Weirdness & Mutations

You cannot wear boots.
Your serpentine skin is tough. (AC +1)
You have supernaturally acute eyesight. (SInv)
Armour fits poorly on your strangely shaped body.
Your system is resistant to poisons. (rPois)
You cover ground very slowly.
You have a slow metabolism.
You can spit poison.


Message History

You are near starving!
o - a book of Cantrips
p - a scroll labeled DIJUOL JEIBUXA
There is an escape hatch in the floor here.
You see here a hunting sling.
Natasha, Servant of Life and Death comes into view.
Natasha hisses angrily.
Natasha zaps a wand.
The puff of flame hits you!
It is a wand of flame (21).
Natasha casts a spell.
Natasha casts a spell at you.
You feel yourself slow down.
Press: ? - help, Shift-Dir - straight line, f - you
Okay, then.
Natasha zaps a wand.
The puff of flame hits you!
* * * LOW HITPOINT WARNING * * *
It was a potion of haste.
You feel yourself speed up. Natasha casts a spell at you.
The magic dart hits you!
* * * LOW HITPOINT WARNING * * *
Natasha zaps a wand.
The puff of flame hits you!
You die...

#.>#.#...###...................
#.>#.###.# #.5.........########
#..#.# #.###.#h#.#.###.# ###..#.#
#.....#.....# #.#
.....#.####..###.h...# #.#
.###.#...............# #.#
.###.................# #.#
.#....#####..####....###.########
.#.##.# #.....@................
.#.##.# #..###...#............#
.#.##.#####...........#########.#
......................# #.#
.#.##.#.##..####......# #.#
.#.##.#.....# #.##.### #.#
.#.##.#.....####.##.# #.#
.................##.## #.#
..#####..............# #.#


You could see Natasha.

Vanquished Creatures
  Natasha (D:2)
  A dart slug (D:2)
  3 giant cockroaches
  3 goblins
  A hobgoblin (D:2)
  3 kobolds
  8 bats
  9 frilled lizards (D:1)
  2 rats
31 creatures vanquished.

Notes
Turn   | Place    | Note
-------+----------+-------------------------------------------
     0 | D:1      | pstr the Naga Earth Elementalist began the quest for the Orb.
     0 | D:1      | Reached XP level 1. HP: 15/15 MP: 3/3
   195 | D:1      | Reached XP level 2. HP: 16/22 MP: 1/5
   720 | D:2      | Reached XP level 3. HP: 24/28 MP: 4/6
   730 | D:2      | Learned a level 3 spell: Stone Arrow
  1009 | D:2      | Found an iron altar of Okawaru.
  1138 | D:2      | Noticed Natasha
  1147 | D:2      | Killed Natasha
  1147 | D:2      | Reached skill level 4 in Earth Magic
  1442 | D:2      | Noticed Natasha
  1448 | D:2      | HP: 1/28 [Natasha/magic dart (7)]
  1448 | D:2      | Killed from afar by Natasha

Skill      XL: |  1  2  3 |
---------------+----------+-----
Earth Magic    | 4 |  4.0
Fighting       | |  0.3
Dodging        | |  1.7
Stealth        | |  3.3
Spellcasting   | |  2.6
Transmutations | |  1.0

Action                   || total
-------------------------++-------
Melee: Unarmed           ||     1
 Cast: Sandblast         ||    39
       Stone Arrow       ||     1
 Abil: Spit Poison       ||     3
  Use: Potion            ||     1
Armor: Robe              ||     2
Dodge: Dodged            ||    17
